 Dungeon Crawl Stone Soup version 0.23.2-1-ga50397a6bc (webtiles) character file.

Game seed: 6000542861223229349

2279 Norn the Destroyer (level 9, -4/74 (75) HPs)
             Began as a Yellow Draconian Conjurer on Apr 23, 2019.
             Was an Initiate of Vehumet.
             Slain by Prince Ribbit (11 damage)
             ... on level 6 of the Dungeon.
             The game lasted 00:24:34 (8289 turns).

Norn the Destroyer (Yellow Draconian Conjurer)      Turns: 8289, Time: 00:24:34

HP:   -4/74 (75)    AC:  7    Str: 10    XL:     9   Next: 16%
MP:   13/17         EV: 12    Int: 20    God:    Vehumet [......]
Gold: 354           SH:  0    Dex: 11    Spells: 10/19 levels left

rFire    . . .     SeeInvis .   c - +1 dagger (pain)
rCold    . . .     Gourm    .   (no shield)
rNeg     . . .     Faith    .   (armour unavailable)
rPois    .         Spirit   .   (helmet restricted)
rElec    .         Reflect  .   (no cloak)
rCorr    +         Harm     .   (no gloves)
MR       .....                  (no boots)
Stlth    ++........             (no amulet)
HPRegen  0.22/turn              (no ring)
MPRegen  0.15/turn              (no ring)

@: no status effects
A: spit acid, unfitting armour, cold-blooded, acid resistance, AC +7
a: Breathe Acid, Renounce Religion


You were on level 6 of the Dungeon.
You worshipped Vehumet.
Vehumet was noncommittal.
You were not hungry.

You visited 2 branches of the dungeon, and saw 8 of its levels.
You also visited: Sewer.

You collected 354 gold pieces.

Inventory:

Hand Weapons
 c - a +1 dagger of pain (weapon)
   (You found it on level 1 of the Dungeon)
Jewellery
 x - an uncursed ring of resist corrosion {unknown}
   (You found it on level 4 of the Dungeon)
 y - a +6 ring of strength {unknown}
   (You found it on level 4 of the Dungeon)
 z - an uncursed ring of see invisible {unknown}
   (You found it on level 6 of the Dungeon)
 A - an uncursed ring of flight {unknown}
   (You found it on level 4 of the Dungeon)
Wands
 u - a wand of paralysis (8)
   (You found it on level 6 of the Dungeon)
 v - a wand of digging (8)
   (You found it on level 4 of the Dungeon)
Scrolls
 a - 2 scrolls of enchant armour
 b - a scroll of immolation {unknown}
 j - a scroll of random uselessness {unknown}
 l - a scroll of fear
 m - 2 scrolls of identify {@r1}
 n - 4 scrolls of teleportation {@r4}
 q - a scroll of enchant weapon
 B - 2 scrolls of fog {unknown}
 C - 2 scrolls of remove curse {@r2}
Potions
 d - 3 potions of brilliance
 f - a potion of agility {unknown}
 g - 5 potions of haste {@q3}
 h - 2 potions of heal wounds {unknown}
 i - a potion of degeneration {unknown}
 k - 3 potions of magic
 o - a potion of flight {unknown}
 p - 3 potions of berserk rage
 r - a potion of resistance {unknown}
 s - 3 potions of might
 t - 6 potions of curing {unknown}
Comestibles
 e - 11 rations {!d}


   Skills:
 + Level 6.3 Fighting
 - Level 1.7 Dodging
 - Level 1.7 Stealth
 + Level 5.6 Spellcasting
 * Level 9.3 Conjurations
 - Level 3.0 Summonings


You had 10 spell levels left.
You knew the following spells:

 Your Spells              Type           Power        Failure   Level  Hunger
a - Magic Dart            Conj           ####         1%          1    None
b - Iskenderun's Mystic   Conj           #####...     2%          4    ####...
s - Searing Ray           Conj           #####.       1%          2    None
x - Call Imp              Summ           ###.....     4%          2    None

Your spell library contained the following spells:

 Spells                   Type           Power        Failure   Level  Hunger
 Shock                    Conj/Air       ###.         1%          1    None
 Conjure Flame            Conj/Fire      ###.....     4%          3    ##.....
 Dazzling Spray           Conj/Hex       ###...       4%          3    ##.....
 Static Discharge         Conj/Air       ###.....     4%          3    ##.....
 Mephitic Cloud           Conj/Pois/Air  ###.....     9%          3    ##.....
 Force Lance              Conj/Tloc      ###.....     16%         4    ####...
 Fulminant Prism          Conj/Hex       ###.......   16%         4    ####...
 Blink                    Tloc           N/A          17%         2    None
 Slow                     Hex            #.......     17%         2    None
 Swiftness                Chrm/Air       #.......     17%         2    None
 Lightning Bolt           Conj/Air       ###.......   41%         5    #####..
 Airstrike                Air            #.........   73%         4    ####...


Dungeon Overview and Level Annotations

Branches:
Dungeon (7/15)             Temple (1/1) D:7

Altars:
Ashenzari
Elyvilon
Fedhas
Kikubaaqudgha
Makhleb
Nemelex Xobeh
Qazlal
Ru
Sif Muna
Uskayaw
Vehumet
Wu Jian
Xom
Yredelemnul
Zin
The Shining One

Shops:
D:6 ?

Annotations:
D:6 Prince Ribbit
D:7 Harold


Innate Abilities, Weirdness & Mutations

You can spit globs of acid.
Your golden yellow scales are hard. (AC +7)
You cannot fit into any form of body armour.
You are cold-blooded and may be slowed by cold attacks.
You are resistant to acid. (rCorr)


Message History

The worker ant waves its antennae.
Prince Ribbit blinks!
Prince Ribbit blinks!
Prince Ribbit blinks!
Prince Ribbit blinks!
The worker ant closely misses you.
Found a scroll labeled ETROIMO SUNYOT.
A bullfrog comes into view.
The worker ant bites you but does no damage.
There is a stone staircase leading up here.
The worker ant misses you.
You climb upwards.
There is a stone staircase leading down here.
Aim: a worker ant You spit a glob of acid.
The glob of acid hits the worker ant!
The worker ant is splashed with acid.
The acid corrodes the worker ant!
The worker ant is splashed with acid.
You kill the worker ant!
Vehumet accepts your kill.
You feel somewhat more hungry.
You start resting.
You have got your breath back.
You climb downwards.
You hear the hiss of flowing sand.
There is an entrance to an ossuary on this level.
Hurry and find it before the portal is buried!
Level annotation: Harold, Prince Ribbit You hear the brisk hiss of a distant avalanche of sand.
There is a stone staircase leading up here.
The bullfrog gives a loud, deep croak!
Prince Ribbit croaks regally.
Prince Ribbit hits you!!
There is a stone staircase leading up here.
Aim: Prince Ribbit The searing ray misses Prince Ribbit. (Press . to maintain the ray.) Prince Ribbit hits you!
The searing ray hits Prince Ribbit!
Prince Ribbit hits you!
* * * LOW HITPOINT WARNING * * *
Prince Ribbit hits you!
* * * LOW HITPOINT WARNING * * *
The bullfrog barely misses you. Prince Ribbit hits you!
* * * LOW HITPOINT WARNING * * *
You climb upwards.
There is a stone staircase leading down here.
Aim: Prince Ribbit (lightly wounded)
The magic dart hits Prince Ribbit.
The bullfrog barely misses you. Prince Ribbit hits you!
You die...

###.## #.# #....# ##.#
##..>.## #.## ##......# ##.#
#.......## #..# #....^...#
#.## ##.......# ##.#
###.....# ##.## ###
##...@#######..# ##.##
##.FF##.......###
#...######..............####
#............###[>.........#
#........######............#
#.....#### #............#
#....รท.# #............#
##.....# ##...........##
#....## ###.............#


You could see Prince Ribbit and a bullfrog.

Vanquished Creatures
  Edmund (D:6)
  An orc warrior (D:6)
  A black bear (D:6)
  A sky beast (D:5)
  A phantom (D:7)
  4 necrophages (D:6)
  A centaur (D:6)
  Blork the orc (D:5)
  4 scorpions
  5 wights (D:6)
  2 howler monkeys
  A crimson imp (D:5)
  2 bullfrog zombies
  3 centaur zombies
  2 hounds
  A centaur skeleton (D:5)
  3 orc priests
  3 orc wizards
  An iguana (D:6)
  2 worker ants
  3 hound skeletons
  A howler monkey zombie (D:6)
  A worker ant zombie (D:6)
  3 river rats
  8 adders
  A shadow imp (D:6)
  3 oozes
  2 adder skeletons
  2 worms
  3 dart slugs
  3 leopard geckos
  18 orcs
  5 giant cockroaches
  9 goblins
  15 hobgoblins
  5 jackals
  6 kobolds
  2 quokkas
  3 ball pythons
  10 bats
  9 frilled lizards
  A leopard gecko skeleton (D:5)
  9 rats
162 creatures vanquished.

Vanquished Creatures (others)
  2 bushes (D:6)
  11 plants (D:6)
13 creatures vanquished.

Grand Total: 175 creatures vanquished

Notes
Turn   | Place    | Note
-------+----------+-------------------------------------------
     0 | D:1      | Norn the Draconian Conjurer began the quest for the Orb.
     0 | D:1      | Reached XP level 1. HP: 14/14 MP: 3/3
   180 | D:1      | Reached XP level 2. HP: 22/22 MP: 3/5
   206 | D:1      | Learned a level 2 spell: Searing Ray
   322 | D:1      | Reached skill level 1 in Fighting
   872 | D:1      | Reached XP level 3. HP: 28/28 MP: 0/6
  1540 | D:2      | Found a sacrificial altar of Ru.
  1836 | D:3      | Reached XP level 4. HP: 36/36 MP: 2/7
  1898 | D:3      | Reached skill level 5 in Conjurations
  2251 | D:3      | Found a glowing golden altar of the Shining One.
  2529 | D:3      | Reached XP level 5. HP: 37/42 MP: 1/9
  2845 | D:3      | Learned a level 2 spell: Call Imp
  3021 | D:3      | Found a deep blue altar of Sif Muna.
  3187 | D:4      | Reached skill level 1 in Summonings
  3369 | D:4      | Reached XP level 6. HP: 50/50 MP: 5/10
  3734 | D:4      | Reached skill level 6 in Conjurations
  4131 | D:5      | Entered Level 5 of the Dungeon
  4410 | D:5      | Found a glowing drain.
  4429 | Sewer    | Entered a sewer
  4893 | D:5      | Your scales start taking on a golden yellow colour.
  4893 | D:5      | Reached XP level 7. HP: 57/57 MP: 6/12
  4893 | D:5      | Gained mutation: You are resistant to acid. (rCorr) [Yellow
                  | Draconian growth]
  5321 | D:5      | Noticed Blork the orc
  5419 | D:5      | Killed Blork the orc
  5558 | D:5      | Reached skill level 7 in Conjurations
  5602 | D:5      | Found a stormy altar of Qazlal.
  5606 | D:5      | Found a deep blue altar of Sif Muna.
  5610 | D:5      | Found a hide-covered altar of Uskayaw.
  6107 | D:6      | Reached XP level 8. HP: 67/67 MP: 8/14
  6506 | D:6      | Noticed Edmund
  6511 | D:6      | Killed Edmund
  6511 | D:6      | Reached skill level 5 in Fighting
  6511 | D:6      | Reached skill level 8 in Conjurations
  6613 | D:6      | Learned a level 4 spell: Iskenderun's Mystic Blast
  6895 | D:6      | Reached skill level 5 in Spellcasting
  7109 | D:6      | Found Tomorrie's Magic Scroll Shoppe.
  7631 | D:6      | Found a blossoming altar of Fedhas.
  7693 | D:6      | Reached skill level 9 in Conjurations
  7747 | D:6      | Reached XP level 9. HP: 70/74 MP: 5/17
  7959 | D:7      | Noticed Harold
  8036 | D:7      | Found a staircase to the Ecumenical Temple.
  8045 | Temple   | Entered the Ecumenical Temple
  8097 | Temple   | Became a worshipper of Vehumet
  8209 | D:7      | Noticed Prince Ribbit
  8289 | D:6      | Slain by Prince Ribbit

Skill      XL: |  1  2  3  4  5  6  7  8 |
---------------+-------------------------+-----
Fighting       | 1 2 3 4 6 |  6.3
Conjurations   | 5 6 7 9 |  9.3
Spellcasting   | 3 4 5 |  5.6
Summonings     | 1 2 3 |  3.0
Dodging        | |  1.7
Stealth        | |  1.7

Action                   |  1- 3 |  4- 6 |  7- 9 || total
-------------------------+-------+-------+-------++-------
Melee: Tailslap          |     4 |     5 |     2 ||    11
       Unarmed           |     1 |       |       ||     1
       Dagger            |    20 |    47 |    15 ||    82
 Cast: Magic Dart        |    73 |   181 |   136 ||   390
       Searing Ray       |     3 |     4 |    32 ||    39
       Call Imp          |       |     1 |       ||     1
 Abil: Breathe Acid      |       |       |     4 ||     4
  Use: Scroll            |       |    12 |       ||    12
  Eat: Chunk             |     3 |    10 |     5 ||    18
       Ration            |       |       |     2 ||     2
Armor: Skin              |     7 |    29 |    23 ||    59
Dodge: Dodged            |    18 |    77 |    58 ||   153
